 Dungeon Crawl Stone Soup version 0.22.1-1-ga44c0e5 (webtiles) character file.

102 Harpaggios the Gusty (level 4, 0/33 HPs)
             Began as a Draconian Air Elementalist on Oct 19, 2018.
             Succumbed to an orc wizard's poison
             ... on level 3 of the Dungeon.
             The game lasted 00:15:18 (2215 turns).

Harpaggios the Gusty (Draconian Air Elementalist)   Turns: 2215, Time: 00:15:19

Health: 0/33       AC:  5    Str: 10    XL:     4   Next: 50%
Magic:  1/8        EV: 12    Int: 17    God:
Gold:   111        SH:  0    Dex: 11    Spells: 7/8 levels left

rFire    . . .     SeeInvis .   j - +2 spear (freeze)
rCold    . . .     Gourm    .   (no shield)
rNeg     . . .     Faith    .   (armour unavailable)
rPois    .         Spirit   .   (helmet restricted)
rElec    .         Reflect  .   (no cloak)
rCorr    .         Harm     .   (no gloves)
MR       +....                  (no boots)
Stlth    ++........             (no amulet)
HPRegen  0.11/turn              e - ring of protection from magic
MPRegen  0.11/turn              (no ring)

@: lethally poisoned (0 -> -10)
A: unfitting armour, cold-blooded, AC +5
a: no special abilities


You were on level 3 of the Dungeon.
You were hungry.

You visited 1 branch of the dungeon, and saw 3 of its levels.

You collected 111 gold pieces.

Inventory:

Hand Weapons
 d - a +1 dagger of holy wrath
 j - a +2 spear of freezing (weapon)
Jewellery
 e - a ring of protection from magic (left hand)
 f - an uncursed ring of see invisible {unknown}
Scrolls
 a - 3 scrolls of remove curse
 g - a scroll of immolation
 r - a scroll of magic mapping
Potions
 c - a potion of lignification
 h - a potion of haste
Comestibles
 b - 10 rations
 i - 4 chunks of flesh


   Skills:
 * Level 1.8 Polearms
 - Level 1.7 Dodging
 - Level 1.7 Stealth
 + Level 2.9 Spellcasting
 * Level 2.8 Conjurations
 - Level 3.2 Air Magic


You had 7 spell levels left.
You knew the following spells:

 Your Spells              Type           Power        Failure   Level  Hunger
a - Shock                 Conj/Air       ##..         4%          1    None

Your spell library contained the following spells:

 Spells                   Type           Power        Failure   Level  Hunger
 Swiftness                Chrm/Air       #.......     14%         2    ##.....
 Static Discharge         Conj/Air       ##......     16%         3    ###....
 Beastly Appendage        Tmut           #.....       19%         1    None
 Sticks to Snakes         Tmut           #.......     26%         2    ##.....
 Airstrike                Air            ##........   43%         4    ####...
 Spider Form              Tmut/Pois      #.........   47%         3    ###....
 Lightning Bolt           Conj/Air       ##........   80%         5    ######.
 Ice Form                 Ice/Tmut       #.......     87%         4    ####...
 Blade Hands              Tmut           #.........   99%         5    ######.


Dungeon Overview and Level Annotations

Branches:
Dungeon (3/15)

Altars:
Okawaru


Innate Abilities, Weirdness & Mutations

Your plain brown scales are hard. (AC +5)
You cannot fit into any form of body armour.
You are cold-blooded and may be slowed by cold attacks.


Message History

* * * LOW HITPOINT WARNING * * *
You feel sick.
Okay, then.
* * * LOW HITPOINT WARNING * * *
You feel sick.
Items here: $ ) [[ ††
* * * LOW HITPOINT WARNING * * *
You feel sick.
Things that are here:
a whip; a leather armour
* * * LOW HITPOINT WARNING * * *
You feel sick.
* * * LOW HITPOINT WARNING * * *
You feel sick.
Things that are here:
a whip; a leather armour
* * * LOW HITPOINT WARNING * * *
You feel sick.
Items here: $ ) [[ †† You die...

#.######.###.......# #.# #.#
#.#####.. #.# #.# #.### #.. #
#.# #.###.#.###.. #. #.#
#......#.##.. #.##.#
#####.#.###.. #####....###
#........ ....)†..)).# ####...[.
##########@# ##.#### #.# #......
#.# #..##.. #.# #..##.# #.#
#...#.# #.# ########...#.#
###########.###............#
#####÷............#.######÷.##.#
#..<#.#########.#.#.######..##.#


There were no monsters in sight!

Vanquished Creatures
  An orc wizard (D:3)
  An adder (D:3)
  2 worms (D:2)
  A dart slug (D:1)
  2 leopard geckos
  4 orcs (D:3)
  2 ball pythons (D:2)
  4 bats
  2 giant cockroaches (D:2)
  6 goblins
  6 hobgoblins
  4 jackals
  5 kobolds
  2 frilled lizards (D:1)
  7 rats
49 creatures vanquished.

Notes
Turn   | Place    | Note
-------+----------+-------------------------------------------
     0 | D:1      | Harpaggios the Draconian Air Elementalist began the quest
                  | for the Orb.
     0 | D:1      | Reached XP level 1. HP: 14/14 MP: 3/3
   335 | D:1      | Reached XP level 2. HP: 20/20 MP: 0/5
  1166 | D:2      | Reached XP level 3. HP: 26/26 MP: 2/6
  1238 | D:2      | Found an iron altar of Okawaru.
  2091 | D:3      | Reached skill level 1 in Polearms
  2202 | D:3      | Reached XP level 4. HP: 19/33 MP: 0/8
  2214 | D:3      | HP: 1/33 [poisoned by an orc wizard]
  2215 | D:3      | Succumbed to an orc wizard's poison

Skill      XL: |  1  2  3 |
---------------+----------+-----
Conjurations   | 2 |  2.8
Polearms       | 1 |  1.8
Dodging        | |  1.7
Stealth        | |  1.7
Spellcasting   | |  2.9
Air Magic      | |  3.2

Action                   |  1- 3 |  4- 6 || total
-------------------------+-------+-------++-------
Melee: Unarmed           |     6 |       ||     6
       Dagger            |    26 |       ||    26
       Spear             |    42 |     4 ||    46
       Tailslap          |     4 |       ||     4
 Cast: Shock             |    56 |     1 ||    57
  Use: Scroll            |    10 |       ||    10
       Potion            |     7 |     1 ||     8
 Stab: Sleeping          |     3 |       ||     3
  Eat: Chunk             |     4 |       ||     4
Armor: Skin              |    24 |       ||    24
Dodge: Dodged            |    37 |     4 ||    41
